 Dungeon Crawl Stone Soup version 0.21-a0-538-gd16b88a (webtiles) character file.

458 slep the Chopper (level 7, -11/55 HPs)
             Began as a Formicid Fighter on Dec 17, 2017.
             Mangled by an ice beast (13 damage)
             ... on level 5 of the Dungeon.
             The game lasted 00:10:56 (3435 turns).

slep the Chopper (Formicid Fighter)                 Turns: 3435, Time: 00:10:57

Health: -11/55     AC:  8    Str: 21    XL:     7   Next: 27%
Magic:  0/7        EV: 10    Int:  7    God:
Gold:   149        SH:  0    Dex: 12    Spells: 6/6 levels left

rFire    . . .     SeeInvis +   a - +0 war axe
rCold    . . .     Gourm    .   (no shield)
rNeg     . . .     Faith    .   b - +0 scale mail
rPois    .         Spirit   +   (helmet unavailable)
rElec    .         Reflect  .   y - +0 cloak
rCorr    .         Harm     .   (no gloves)
MR       .....                  (no boots)
Stlth    ..........             w - amulet of guardian spirit
HPRegen  0.18/turn              (no ring)
MPRegen  0.10/turn              (no ring)

@: no status effects
A: permanent stasis, dig shafts and tunnels, four strong arms, antennae 3
a: Dig, Shaft Self


You were on level 5 of the Dungeon.
You were hungry.

You visited 1 branch of the dungeon, and saw 5 of its levels.

You collected 149 gold pieces.

Inventory:

Hand Weapons
 a - a +0 war axe (weapon)
Missiles
 t - 15 poisoned needles
 B - 3 javelins of penetration (quivered)
Armour
 b - a +0 scale mail (worn)
 o - a scarf of resistance
 y - a +0 cloak (worn)
Jewellery
 w - an amulet of guardian spirit (around neck)
Scrolls
 c - a scroll of blinking {unknown}
 e - 2 scrolls of enchant weapon {unknown}
 h - 5 scrolls of teleportation {unknown}
 i - 4 scrolls of remove curse {unknown}
 k - a scroll of fog {unknown}
 n - 4 scrolls of identify {unknown}
 p - a scroll of fear {unknown}
 v - a scroll of random uselessness {unknown}
Potions
 d - 2 potions of might
 g - a potion of cancellation {unknown}
 l - a potion of flight {unknown}
 m - 2 potions of curing {unknown}
 q - a potion of agility {unknown}
 r - 2 potions of haste {unknown}
 s - 2 potions of berserk rage {unknown}
 u - a potion of invisibility {unknown}
 z - 2 potions of lignification {unknown}
Comestibles
 f - 3 bread rations
 j - 4 meat rations
 x - a royal jelly
 A - a chunk of flesh


   Skills:
 + Level 4.5 Fighting
 + Level 5.4 Axes
 + Level 5.0 Armour
 + Level 1.3 Dodging
 + Level 0.3 Stealth
   Level 3.6 Shields


You had 6 spell levels left.
You didn't know any spells.

Dungeon Overview and Level Annotations

Branches:
Dungeon (5/15)
 Temple: D:4-7

Altars:
Gozag
Qazlal
Trog
Xom

Annotations:
D:4 Duvessa, Edmund


Innate Abilities, Weirdness & Mutations

You cannot be hasted, slowed, berserked, paralysed or teleported.
You can dig through walls and to a lower floor.
Your four strong arms can wield two-handed weapons with a shield.
You have a pair of large antennae on your head. (SInv)


Message History

The ice beast hits you but does no damage.
The ice beast barely misses you.
You hit the ice beast but do no damage.
The ice beast is severely wounded.
The ice beast barely misses you.
You barely miss the ice beast.
The ice beast is severely wounded.
The ice beast hits you.
* * * LOW HITPOINT WARNING * * *
The ice beast freezes you!
* * * LOW HITPOINT WARNING * * *
You hit the ice beast.
The ice beast is almost dead.
The ice beast misses you.
You hit the ice beast.
The ice beast is almost dead.
The ice beast hits you.
* * * LOW HITPOINT WARNING * * *
The ice beast freezes you!
You die...

#....# #.?.......#
#....# #.........#
#....# #.........###
##....# #...........#
#...... #...........#
#...... #...........#
#...... #<...Y......#
#...... #.....@.....#
#......
#...........#####......
#......................
#......................
#....).................
#......................
#...............#######
#...............#
#...............#


You could see an ice beast.

Vanquished Creatures
  Sigmund (D:2)
  Crazy Yiuf (D:2)
  An orc priest (D:5)
  Jessica (D:2)
  An orc wizard (D:5)
  Robin (D:2)
  3 adders
  4 gnolls (D:3)
  A shadow imp (D:5)
  5 worms
  5 leopard geckos
  3 orcs
  6 bats (D:1)
  A giant cockroach (D:1)
  8 hobgoblins
  3 jackals (D:5)
  2 quokkas (D:3)
  2 ball pythons
  A frilled lizard (D:1)
  17 goblins
  5 kobolds
  7 rats
79 creatures vanquished.

Notes
Turn   | Place    | Note
-------+----------+-------------------------------------------
     0 | D:1      | slep the Formicid Fighter began the quest for the Orb.
     0 | D:1      | Reached XP level 1. HP: 18/18 MP: 1/1
    80 | D:1      | Reached XP level 2. HP: 18/24 MP: 2/2
   477 | D:1      | Reached XP level 3. HP: 20/29 MP: 3/3
   718 | D:2      | Noticed Robin
  1036 | D:2      | Reached XP level 4. HP: 35/37 MP: 4/4
  1046 | D:2      | Killed Robin
  1163 | D:2      | Noticed Sigmund
  1190 | D:2      | HP: 1/37 [Sigmund/magic dart (3)]
  1191 | D:2      | Killed Sigmund
  1191 | D:2      | Reached skill level 1 in Dodging
  1191 | D:2      | Reached XP level 5. HP: 1/42 MP: 5/5
  1191 | D:2      | Reached XP level 6. HP: 1/48 MP: 6/6
  1686 | D:2      | Noticed Jessica
  1692 | D:2      | Killed Jessica
  1706 | D:2      | Found a shimmering altar of Xom.
  1839 | D:2      | Found a runed door.
  2332 | D:3      | Reached skill level 5 in Axes
  2467 | D:3      | Found an opulent altar of Gozag.
  2531 | D:3      | Noticed a moth of wrath
  2534 | D:3      | Found a bloodstained altar of Trog.
  2728 | D:3      | Found a stormy altar of Qazlal.
  2782 | D:4      | Noticed an ogre
  2783 | D:4      | Noticed Duvessa
  2898 | D:2      | Noticed Crazy Yiuf
  2910 | D:2      | Killed Crazy Yiuf
  2910 | D:2      | Reached XP level 7. HP: 20/55 MP: 3/7
  3062 | D:4      | Noticed Edmund
  3073 | D:5      | Entered Level 5 of the Dungeon
  3079 | D:5      | Reached skill level 5 in Armour
  3435 | D:5      | HP: 2/55 [ice beast (3)]
  3435 | D:5      | Mangled by an ice beast

Vault maps used:
D:1:      nicolae_arrival_memento_mori
D:2:      old_standard_altar, minivault_23, chequers_big_river,
          minmay_misc_feat_columns, uniq_sigmund, uniq_crazy_yiuf_cottage,
          uniq_robin, uniq_jessica
D:3:      lemuel_crystal_altar, lemuel_coloured_pillars_altar, tgw_trog
D:4:      serial_shops, kennysheep_mini, uniq_duvessa, uniq_natasha, uniq_edmund
D:5:      lemuel_temple_firewalk_a, serial_shops, shop, first_bread

Skill      XL: |  1  2  3  4  5  6  7 |
---------------+----------------------+-----
Armour         | 4 5 |  5.0
Axes           | 4 5 |  5.4
Fighting       | 4 |  4.5
Dodging        | 1 |  1.3
Stealth        | |  0.3
Shields        | |  3.6

Action                   |  1- 3 |  4- 6 |  7- 9 || total
-------------------------+-------+-------+-------++-------
Melee: War axe           |    97 |   126 |    67 ||   290
 Stab: Invisible         |       |     2 |       ||     2
  Eat: Chunk             |     1 |     5 |     2 ||     8
Armor: Scale mail        |   104 |    47 |    36 ||   187
Dodge: Dodged            |    96 |    63 |    26 ||   185

Table legend:
 A = Spawn XP
 B = Non-spawn XP
 C = Spawn XP percentage of total XP
 D = Spawn monster count
 E = Non-spawn monster count
 F = Spawn count percentage of total count
 G = Total turns spent on level
                    A         B        C        D         E        F      G
               +---------+---------+-------+---------+---------+-------+---------
         Total |       0 |     655 |   0.0 |       0 |      79 |   0.0 |  3435
               +---------+---------+-------+---------+---------+-------+---------
           D:1 |       0 |      64 |   0.0 |       0 |      29 |   0.0 |  1027
           D:2 |       0 |     367 |   0.0 |       0 |      14 |   0.0 |  1083
           D:3 |       0 |     105 |   0.0 |       0 |      22 |   0.0 |   849
           D:4 |       0 |      20 |   0.0 |       0 |       6 |   0.0 |   114
           D:5 |       0 |      99 |   0.0 |       0 |       8 |   0.0 |   362
               +---------+---------+-------+---------+---------+-------+---------
